 Dungeon Crawl Stone Soup version 0.24-a0-291-g79c1ce788c (webtiles) character file.

Game seed: 6012086746941392914

37 Jannitor the Shield-Bearer (level 3, 0/20 HPs)
             Began as a Vine Stalker Fighter on May 9, 2019.
             Was an Initiate of Makhleb.
             Slain by a worker ant (4 damage)
             ... on level 4 of the Dungeon.
             The game lasted 00:01:18 (1156 turns).

Jannitor the Shield-Bearer (Vine Stalker Fighter)   Turns: 1156, Time: 00:01:19

Health: 0/20       AC:  9    Str: 19    XL:     3   Next: 41%
Magic:  0/4        EV:  3    Int:  8    God:    Makhleb [......]
Gold:   33         SH: 13    Dex: 13    Spells: 2/2 levels left

rFire    . . .     SeeInvis .   a - +0 war axe
rCold    . . .     Gourm    .   g - +0 large shield
rNeg     . . .     Faith    .   e - +0 chain mail
rPois    .         Spirit   +   (no helmet)
rElec    .         Reflect  .   (no cloak)
rCorr    .         Harm     .   (no gloves)
MR       .....                  (no boots)
Stlth    ..........             k - amulet of the acrobat
HPRegen  0.06/turn              (no ring)
MPRegen  0.09/turn              (no ring)

@: no status effects
A: fangs 2, magic shield, antimagic bite, no potion heal 3, rot immunity
a: Renounce Religion


You were on level 4 of the Dungeon.
You worshipped Makhleb.
Makhleb was noncommittal.
You were not hungry.

You visited 1 branch of the dungeon, and saw 4 of its levels.

You collected 33 gold pieces.

Inventory:

Hand Weapons
 a - a +0 war axe (weapon)
Armour
 b - a +0 scale mail
 c - a +0 shield
 e - a +0 chain mail (worn)
 g - a +0 large shield (worn)
Jewellery
 k - an amulet of the acrobat (around neck)
 n - a +5 ring of evasion {unknown}
Wands
 i - a wand of iceblast (12)
Scrolls
 l - a scroll of immolation {unknown}
Potions
 d - a potion of might
 h - a potion of curing {unknown}
 j - a potion of ambrosia {unknown}
Comestibles
 f - a ration
 m - a chunk of flesh


   Skills:
 + Level 3.0 Fighting
 + Level 2.2 Axes
 + Level 2.7 Armour
 + Level 3.0 Shields


You had 2 spell levels left.
You didn't know any spells.
Your spell library was empty.

Dungeon Overview and Level Annotations

Branches:
Dungeon (4/15)
 Temple: D:4-7

Altars:
Makhleb
Yredelemnul

Annotations:
D:3 2 transporters


Innate Abilities, Weirdness & Mutations

You have extremely sharp teeth.
When hurt, damage is shared between your health and your magic reserves.
Your bite disrupts and absorbs the magic of your enemies.
Potions cannot restore your health.
You are immune to rotting.


Message History

The worker ant is moderately wounded.
Your shield and chain mail prevent you from hitting the scorpion.
You block the scorpion's attack. You block the worker ant's attack.
The scorpion stings you. The worker ant bites you.
* * * LOW HITPOINT WARNING * * *
Some of the chunks of flesh in your inventory have rotted away.
You are too injured to fight recklessly!
You are too injured to fight recklessly!
Unknown command.
You are too injured to fight recklessly!
You hit the scorpion but do no damage. You hit the worker ant.
You block the worker ant's attack. The scorpion stings you.
* * * LOW HITPOINT WARNING * * *
The worker ant bites you but does no damage.
The scorpion barely misses you.
Unknown command.
You closely miss the scorpion. You closely miss the worker ant.
You block the worker ant's attack. You block the scorpion's attack.
The worker ant bites you.
You die...

#. ####. ## .#
##.... ##.+ ...
...$..####..###...
..................
#............... .
####..s?......#
.## #
#......@.....##
#.###.
......a##...##
##..... ###....
##...# ##....#
#.....
##..####....##
#.....
##..##......#
#....#
##.........##
#....#
##....#....# .....
##......<..
#..........


You could see a scorpion and a worker ant.

Vanquished Creatures
  An adder (D:2)
  A worm (D:3)
  2 leopard geckos
  An orc (D:3)
  2 goblins
  3 hobgoblins
  A quokka (D:2)
  A ball python (D:3)
  5 bats
  2 frilled lizards (D:3)
  2 kobolds (D:2)
  3 rats
24 creatures vanquished.

Notes
Turn   | Place    | Note
-------+----------+-------------------------------------------
     0 | D:1      | Jannitor the Vine Stalker Fighter began the quest for the
                  | Orb.
     0 | D:1      | Reached XP level 1. HP: 11/11 MP: 2/2
   123 | D:2      | Reached XP level 2. HP: 7/16 MP: 1/3
   571 | D:2      | Reached XP level 3. HP: 15/19 MP: 4/4
   576 | D:3      | Found a transporter.
   576 | D:3      | Noticed a scorpion
   579 | D:3      | Found a burning altar of Makhleb.
   653 | D:3      | Found a transporter.
   750 | D:3      | Found a basalt altar of Yredelemnul.
   854 | D:3      | Found a burning altar of Makhleb.
   854 | D:3      | Noticed a cacodemon
   978 | D:3      | Noticed an orange demon
   978 | D:3      | Noticed a smoke demon
   980 | D:3      | Became a worshipper of Makhleb the Destroyer
  1148 | D:4      | Noticed a scorpion
  1156 | D:4      | Slain by a worker ant

Levels and vault maps discovered:
D:1:      eino_arrival_cavern_b, layout_rooms, serial_bayou_lake_a
D:2:      layout_basic, minmay_hexomino_u4, uniq_crazy_yiuf_cottage
D:3:      layout_rooms, lemuel_doored_altar, gammafunk_temple_overflow_arena,
          makhleb_altar_promises_db
D:4:      layout_layer_cave, fedhas_altar_2, kennysheep_mini,
          kiku_gazebo_pond_becter

Skill      XL: |  1  2  3 |
---------------+----------+-----
Axes           | 2 |  2.2
Shields        | 3 |  3.0
Fighting       | 3 |  3.0
Armour         | |  2.7

Action                   || total
-------------------------++-------
Melee: War axe           ||    92
       Bite              ||    15
  Eat: Chunk             ||     1
Armor: Scale mail        ||     9
       Chain mail        ||    38
Dodge: Dodged            ||    22
Block: Shield            ||    36
       Large shield      ||    27

Table legend:
 A = Non-vault XP
 B = Vault XP
 C = Vault XP percentage of total XP
 D = Non-vault monster count
 E = Vault monster count
 F = Vault count percentage of total count
                 A         B        C        D         E       F
            +---------+---------+-------+---------+---------+-------
      Total |      54 |       0 |   0.0 |      24 |       0 |   0.0
            +---------+---------+-------+---------+---------+-------
        D:1 |       4 |       0 |   0.0 |       3 |       0 |   0.0
        D:2 |      30 |       0 |   0.0 |      11 |       0 |   0.0
        D:3 |      20 |       0 |   0.0 |      10 |       0 |   0.0
            +---------+---------+-------+---------+---------+-------
